 Dungeon Crawl Stone Soup version 0.31-a0-233-g139696dc86 (webtiles) character file.

Game seed: 257030477950416532

653 qw the Shooter (level 7, -7/59 HPs)
             Began as a Minotaur Hexslinger on July 8, 2023.
             Mangled by an ogre
             ... wielding a +0 giant club
              (26 damage)
             ... on level 5 of the Dungeon.
             The game lasted 00:01:51 (3775 turns).

qw the Shooter (Minotaur Hexslinger)                Turns: 3775, Time: 00:01:51

Health: -7/59      AC: 11    Str: 13    XL:     7   Next: 29%
Magic:  7/7        EV: 11    Int: 10    God:
Gold:   226        SH:  0    Dex: 14    Spells: 7/8 levels left

rFire   . . .        Y - +1 sling
rCold   . . .        (no shield)
rNeg    . . .        f - +0 ring mail
rPois   +            (helmet restricted)
rElec   .            l - +0 cloak
rCorr   .            (no gloves)
SInv    .            k - +0 pair of boots
Will    .....        (no amulet)
Stlth   +            i - +4 ring of protection
HPRegen 0.29/turn    b - ring of poison resistance
MPRegen 0.10/turn

%: no passive effects
@: no status effects
A: horns 2, retaliatory headbutt
a: no special abilities


You were on level 5 of the Dungeon.
You visited 2 branches of the dungeon, and saw 6 of its levels.

You collected 226 gold pieces.


Innate Abilities, Weirdness & Mutations

You have a pair of horns on your head.
You reflexively headbutt those who attack you in melee.


   Skills:
 - Level 4.0 Fighting
 + Level 7.7 Ranged Weapons
 - Level 2.7 Armour
 - Level 2.1 Dodging
 - Level 1.0 Spellcasting
 - Level 2.0 Hexes


You had 7 spell levels left.
You knew the following spells:

 Your Spells              Type           Power      Damage    Failure   Level
a - Slow                  Hex            16%        N/A       30%         1

Your spell library contained the following spells:

 Spells                   Type           Power      Damage    Failure   Level
 Inner Flame              Hex/Fire       2%         N/A       80%         3
 Portal Projectile        Hex/Tloc       4%         N/A       80%         3
 Cause Fear               Hex            2%         N/A       97%         4

Inventory:

Hand Weapons
 Y - a +1 sling (weapon)
Armour
 f - a +0 ring mail (worn)
 k - a +0 pair of boots (worn)
 l - a +0 cloak (worn)
Jewellery
 b - a ring of poison resistance (right hand)
 i - a +4 ring of protection (left hand)
 j - a +6 ring of strength
Scrolls
 a - a scroll of identify
Potions
 e - a potion of invisibility {unknown}
 g - a potion of curing {unknown}
 h - a potion of enlightenment {unknown}

Dungeon Overview and Level Annotations

Branches:
Dungeon (5/15)             Temple (1/1) D:4

Altars:
Ashenzari
Cheibriados
Dithmenos
Elyvilon
Fedhas
Gozag
Hepliaklqana
Kikubaaqudgha
Makhleb
Nemelex Xobeh
Ru
Sif Muna
Trog
Uskayaw
Vehumet
Wu Jian
Xom
Yredelemnul
The Shining One


Message History

The ogre closely misses you. You furiously retaliate!
You headbutt the ogre! The phantom closely misses you.
The phantom hits you but does no damage.
The ogre completely misses you.
You shoot a sling bullet.
The sling bullet hits the phantom but does no damage.
The phantom is heavily damaged.
The ogre hits you with a +0 giant club! The phantom completely misses you.
You furiously retaliate!
You headbutt the phantom, but do no damage.
You shoot a sling bullet. The sling bullet hits the phantom.
The phantom is severely damaged.
The ogre hits you but does no damage. The ogre closely misses you.
You furiously retaliate!
You headbutt the ogre! The phantom hits you.
The phantom blinks!
You blink.
An ice beast comes into view.
Found a trident.
You shoot a sling bullet.
The sling bullet closely misses the phantom.
The sling bullet hits the ogre.
The ogre is lightly wounded.
The phantom closely misses you.
You shoot a sling bullet.
The sling bullet barely misses the phantom.
The sling bullet hits the ogre but does no damage.
The ogre is lightly wounded.
The phantom hits you but does no damage.
You shoot a sling bullet.
The sling bullet completely misses the phantom.
The phantom hits you but does no damage.
You shoot a sling bullet. The sling bullet hits the ogre.
The ogre is almost dead.
The ogre closely misses you. The phantom closely misses you.
The ogre closely misses you. You furiously retaliate!
You headbutt the ogre!
You kill the ogre!
You shoot a sling bullet.
The sling bullet closely misses the phantom.
The phantom hits you but does no damage.
The ogre hits you with a +0 giant club!!
You die...

##### .# #...# ###.###
##7.>.7## #.....#
#.......####.....# #
#.<.7..........?.## #.#
#.......####.........).
##7.<.7#####.....#....#
#...# ......WO)......
##### ####@##.. #Y# #
#.# #.# ..# .## . #.


You could see an ice beast, an ogre and a phantom.

Vanquished Creatures
  Pargi (D:4)
  2 ogres
  A scorpion (D:4)
  A jelly (D:4)
  A hound (D:5)
  Ijyb (D:3)
  An iguana (D:4)
  3 orc wizards
  5 adders
  A worm (D:4)
  3 dart slugs
  13 orcs
  7 bats
  14 endoplasms
  3 giant cockroaches
  9 hobgoblins
  4 jackals
  3 ball pythons (D:1)
  A frilled lizard (D:1)
  6 goblins
  10 kobolds
  5 rats
95 creatures vanquished.

Notes
Turn   | Place    | Note
-------+----------+-------------------------------------------
     0 | D:1      | qw the Minotaur Hexslinger began the quest for the Orb.
     0 | D:1      | Reached XP level 1. HP: 16/16 MP: 1/1
     0 | D:1      | 0 ||| qw: Version: 0.3-a-46-gb1f654a
     0 | D:1      | 0 ||| qw: Game counter: 3627
     0 | D:1      | 0 ||| qw: Melee chars always use a shield: true
     0 | D:1      | 0 ||| qw: God list: Okawaru
     0 | D:1      | 0 ||| qw: Allow faded altars: false
     0 | D:1      | 0 ||| qw: Do Orc after clearing Dungeon:15 true
     0 | D:1      | 0 ||| qw: Do second Lair branch before Depths: true
     0 | D:1      | 0 ||| qw: Lair rune preference: random
     0 | D:1      | 0 ||| qw: Goals: Normal
     0 | D:1      | 0 ||| PLANNING D:1-11
    85 | D:1      | Reached skill level 3 in Ranged Weapons
    95 | D:1      | Reached XP level 2. HP: 23/23 MP: 2/2
   125 | D:1      | 125 ||| READING scroll labelled QUCUJE VIUCK.
   126 | D:1      | 126 ||| READING scroll labelled CUMUBR JINE.
   127 | D:1      | 127 ||| FLEEEEING.
   128 | D:1      | 128 ||| FLEEEEING.
   129 | D:1      | 129 ||| FLEEEEING.
   130 | D:1      | 130 ||| FLEEEEING.
   460 | D:1      | Reached XP level 3. HP: 29/29 MP: 3/3
   754 | D:1      | 754 ||| UPGRADING to +4 ring of protection.
   755 | D:1      | 755 ||| READING 2 scrolls labelled VOEGUWN DYNEO.
   756 | D:1      | 756 ||| READING scroll labelled GOARIFOBYH.
   757 | D:1      | 757 ||| READING scroll labelled MEANIMOENI.
   758 | D:1      | 758 ||| READING scroll labelled OSTAOREJOL.
   759 | D:1      | 759 ||| DROPPING scroll of poison.
   918 | D:2      | Found a faded altar of an unknown god.
   935 | D:2      | Reached skill level 4 in Ranged Weapons
  1246 | D:2      | Reached XP level 4. HP: 36/36 MP: 4/4
  1427 | D:2      | 1427 ||| UPGRADING to +0 leather armour.
  1437 | D:2      | 1437 ||| DROPPING +0 robe.
  1438 | D:2      | 1438 ||| UPGRADING to +0 ring mail.
  1448 | D:2      | 1448 ||| DROPPING +0 leather armour.
  1449 | D:2      | 1449 ||| READING scroll labelled PANUKL QAUSM.
  1450 | D:2      | 1450 ||| DRINKING 3 smoky clear potions.
  1526 | D:3      | 1526 ||| UPGRADING to ring of poison resistance.
  1579 | D:3      | Reached skill level 1 in Armour
  1681 | D:3      | 1681 ||| FLEEEEING.
  1688 | D:3      | 1688 ||| FLEEEEING.
  1689 | D:3      | 1689 ||| FLEEEEING.
  1697 | D:3      | 1697 ||| FLEEEEING.
  1705 | D:3      | Reached skill level 5 in Ranged Weapons
  1873 | D:3      | Found a hazy altar of Hepliaklqana.
  2020 | D:3      | Found a hide-covered altar of Uskayaw.
  2154 | D:3      | Noticed Ijyb
  2155 | D:3      | 2155 ||| Stepping ~*~*~tactically~*~*~ (outnumbered).
  2160 | D:3      | Reached XP level 5. HP: 42/42 MP: 5/5
  2184 | D:3      | Killed Ijyb
  2185 | D:3      | Reached skill level 3 in Fighting
  2336 | D:3      | 2336 ||| READING 2 scrolls of identify.
  2336 | D:3      | 2336 ||| IDENTIFYING ruby potion
  2337 | D:3      | 2337 ||| DROPPING potion of lignification.
  2492 | D:4      | Reached skill level 6 in Ranged Weapons
  2524 | D:4      | Found a staircase to the Ecumenical Temple.
  2525 | D:4      | 2525 ||| PLANNING TEMPLE
  2532 | Temple   | Entered the Ecumenical Temple
  2589 | Temple   | 2589 ||| PLANNING D:1-11
  2650 | D:4      | Found a sacrificial altar of Ru.
  2769 | D:4      | Reached XP level 6. HP: 52/52 MP: 6/6
  2826 | D:4      | 2826 ||| FLEEEEING.
  2827 | D:4      | 2827 ||| FLEEEEING.
  2828 | D:4      | 2828 ||| FLEEEEING.
  2830 | D:4      | 2830 ||| FLEEEEING.
  2831 | D:4      | 2831 ||| FLEEEEING.
  2832 | D:4      | 2832 ||| FLEEEEING.
  2833 | D:4      | 2833 ||| FLEEEEING.
  2834 | D:4      | 2834 ||| FLEEEEING.
  2835 | D:4      | 2835 ||| FLEEEEING.
  2836 | D:4      | 2836 ||| FLEEEEING.
  2837 | D:4      | 2837 ||| FLEEEEING.
  2838 | D:4      | 2838 ||| FLEEEEING.
  2839 | D:4      | 2839 ||| FLEEEEING.
  2840 | D:4      | 2840 ||| FLEEEEING.
  2841 | D:4      | 2841 ||| STAIRDANCE
  2930 | D:3      | 2930 ||| UPGRADING to +0 pair of boots.
  2935 | D:3      | 2935 ||| UPGRADING to +0 cloak.
  2940 | D:3      | 2940 ||| READING 2 scrolls of identify.
  2940 | D:3      | 2940 ||| IDENTIFYING amethyst potion
  2941 | D:3      | 2941 ||| DROPPING potion of ambrosia.
  2946 | D:4      | 2946 ||| STAIRDANCE
  2973 | D:4      | 2973 ||| STAIRDANCE
  3004 | D:4      | 3004 ||| STAIRDANCE
  3151 | D:4      | Found a shimmering blue altar of Sif Muna.
  3192 | D:4      | Noticed Pargi
  3220 | D:4      | Killed Pargi
  3221 | D:4      | Reached skill level 7 in Ranged Weapons
  3429 | D:4      | Found an ornate altar of the Wu Jian Council.
  3614 | D:4      | 3614 ||| READING scroll labelled HAIWIL VEZUO.
  3625 | D:5      | Entered Level 5 of the Dungeon
  3628 | D:5      | 3628 ||| STAIRDANCE
  3630 | D:4      | HP: 6/52 [ogre/+0 giant spiked club (30)]
  3631 | D:4      | 3631 ||| DRINKING 4 potions of heal wounds.
  3633 | D:4      | 3633 ||| DRINKING 3 potions of heal wounds.
  3638 | D:4      | Reached XP level 7. HP: 28/59 MP: 7/7
  3765 | D:5      | HP: 13/59 [ogre/+0 giant club (9)]
  3766 | D:5      | 3766 ||| DRINKING 2 potions of heal wounds.
  3767 | D:5      | 3767 ||| DRINKING potion of heal wounds.
  3775 | D:5      | Mangled by an ogre

Levels and vault maps discovered:
D:1:      roderic_crossed_star, layout_basic, serial_glass, glass_columns_b,
          glass_columns_b, glass_columns_a, glass_columns_a, glass_columns_a,
          glass_columns_c, glass_columns_a, glass_columns_a, glass_columns_b,
          glass_columns_b, grunt_decor_cap
D:2:      layout_loops_ring, shapermc_ecumenical_altar_venn,
          grunt_decor_mini_mirrors
D:3:      layout_basic, lemuel_tele_altar, worldfamousw_hep_ancestral_shrine,
          hangedman_glass_teeth, minmay_pentangle, uniq_ijyb
D:4:      layout_loops_cross, mainiacjoe_overflow_alcove_1,
          nicolae_sif_muna_little_library, lemuel_round_altar,
          minmay_temple_entry_metal_lava, uniq_pargi
D:5:      cheibrodos_fzero, layout_loops_ring, serial_shops,
          nicolae_shop_gaudy_bauble, shop, nicolae_shop_hallway_plus,
          nicolae_shop_stone, nicolae_shop_tiny_real_fake_doors,
          grunt_ministairs_7, minmay_strange_pillars,
          corexii_hall_statues_deadend, uniq_prince_ribbit1
Temple:   eino_temple_lava

Skill      XL: |  1  2  3  4  5  6 |
---------------+-------------------+-----
Ranged Weapons | 3 4 5 6 7 |  7.7
Fighting       | 2 4 |  4.0
Armour         | 1 2 |  2.7
Dodging        | |  2.1
Spellcasting   | |  1.0
Hexes          | |  2.0

Action                     |  1- 3 |  4- 6 |  7- 9 || total
---------------------------+-------+-------+-------++-------
   Fire: Sling             |   105 |   269 |    21 ||   395
    Use: Scroll            |     6 |     4 |       ||    10
         Potion            |       |     3 |     2 ||     5
 Armour: Robe              |    14 |       |       ||    14
         Ring mail         |       |   121 |    11 ||   132
  Dodge: Dodged            |    27 |   121 |    22 ||   170

Table legend:
 A = Non-vault XP
 B = Vault XP
 C = Vault XP percentage of total XP
 D = Non-vault monster count
 E = Vault monster count
 F = Vault count percentage of total count
                 A         B        C        D         E       F
            +---------+---------+-------+---------+---------+-------
      Total |     607 |     327 |  35.0 |      84 |      11 |  11.6
            +---------+---------+-------+---------+---------+-------
        D:1 |      44 |       0 |   0.0 |      23 |       0 |   0.0
        D:2 |      71 |       0 |   0.0 |      15 |       0 |   0.0
        D:3 |     131 |      46 |  26.0 |      25 |       8 |  24.2
        D:4 |     198 |     281 |  58.7 |      19 |       3 |  13.6
        D:5 |     163 |       0 |   0.0 |       2 |       0 |   0.0
            +---------+---------+-------+---------+---------+-------
